 Dungeon Crawl Stone Soup version 0.18.1-48-g4cf74bf (webtiles) character file.

159 grulito the Cutter (level 5, -4/31 HPs)
             Began as a Kobold Assassin on June 26, 2016.
             Killed by divine providence
             ... invoked by an orc priest
              (14 damage)
             ... on level 3 of the Dungeon.
             The game lasted 00:11:27 (3623 turns).

grulito the Cutter (Kobold Assassin)                Turns: 3623, Time: 00:11:27

Health: -4/31      AC:  3    Str: 10    XL:     5   Next: 68%
Magic:  5/5        EV:  9    Int:  9    God:
Gold:   124        SH:  0    Dex: 18    Spells: 0 memorised, 4 levels left

rFire  . . .     SeeInvis .     g - +2 dagger (venom)
rCold  . . .     Gourm    .     c - +0 robe
rNeg   . . .     Faith    .     (shield restricted)
rPois  .         Spirit   .     (no helmet)
rElec  .         Dismiss  .     d - +0 cloak
rCorr  .         Reflect  .     (no gloves)
SustAt .         Harm     .     (no boots)
MR     .....                    (no amulet)
Stlth  ++++......               (no ring)
                                (no ring)

@: not resistant to hostile enchantments, stealthy
A: carnivore 3
a: no special abilities


You were on level 3 of the Dungeon.
You were not hungry.

You visited 1 branch of the dungeon, and saw 3 of its levels.

You collected 124 gold pieces.

Inventory:

Hand Weapons
 a - a +2 dagger
 b - a +0 blowgun
 g - a +2 dagger of venom (weapon)
Missiles
 e - 6 poisoned needles
 f - 2 curare-tipped needles
Armour
 c - a +0 robe (worn)
 d - a +0 cloak (worn)
 p - a +0 leather armour
Wands
 o - a wand of slowing (27/48)
 s - a wand of slowing (25/48)
Scrolls
 h - a scroll of fear
 i - 2 scrolls of identify {unknown}
 j - 2 scrolls of teleportation
 q - a scroll of fog {unknown}
 r - a scroll of immolation {unknown}
Potions
 k - 4 potions of flight {unknown}
 l - a potion of curing
 m - 2 potions of degeneration {unknown}
Comestibles
 n - 3 bread rations


   Skills:
 - Level 2.3 Fighting
 + Level 6.8 Short Blades
 - Level 2.2 Throwing
 - Level 1.2 Dodging
 - Level 5.6 Stealth


You had 4 spell levels left.
You didn't know any spells.

Dungeon Overview and Level Annotations

Branches:
Dungeon (3/15)

Altars:
Okawaru
Xom

Annotations:
D:2 Sigmund


Innate Abilities, Weirdness & Mutations

You are small and have problems with some larger weapons.
You are carnivorous and can eat meat at any time.


Message History

The bat hits you.
You hit the bat.
The bat is poisoned.
The bat is heavily wounded.
You kill the bat!
You see here a bat corpse.
Something barely misses you. The orc barely misses you.
The orc wizard hits you with a dagger. The orc wizard barely misses you.
Something hits you.
The orc wizard is no longer moving quickly.
The orc wizard casts a spell.
The orc wizard blinks!
You hear some strange, mumbled words.
Something tries to affect you, but you resist.
The orc wizard gestures wildly while chanting.
The orc wizard blinks!
There is a stone staircase leading down here.
You can't go up here!
The orc priest invokes the aid of Beogh against you.
Beogh smites you!
You die...

. #..........#...o.#
.####......o..........
...#........##.o......
...#)##/###.##........
...#.##)# #.##........
.o.#o##.# #.##...#####
...#o##.# #.##.#.#
#o..o..# #..#.#+###
...#.######..#..@..#
...#.o{...o....{o..#
...#########.##§...#
... #....+....# ...
...##.#.##†...#### ...
..........o....... ###
#####.#.##########
#.#.. # ####


You could see an orc priest, an orc wizard and an orc.

Vanquished Creatures
  Ijyb (D:2)
  Terence (D:2)
  A gnoll (D:3)
  4 adders
  A worm (D:2)
  3 dart slugs
  2 orcs (D:3)
  3 giant cockroaches (D:3)
  8 goblins
  7 hobgoblins
  4 jackals (D:2)
  7 bats
  3 giant newts (D:1)
  4 kobolds
  4 rats (D:1)
  A butterfly (D:2)
54 creatures vanquished.

Notes
Turn   | Place    | Note
--------------------------------------------------------------
     0 | D:1      | grulito the Kobold Assassin began the quest for the Orb.
     0 | D:1      | Reached XP level 1. HP: 12/12 MP: 1/1
   212 | D:1      | Reached XP level 2. HP: 18/18 MP: 2/2
   328 | D:1      | Reached skill level 3 in Short Blades
   868 | D:2      | Noticed Ijyb
   869 | D:2      | Killed Ijyb
   869 | D:2      | Reached skill level 4 in Short Blades
   869 | D:2      | Reached XP level 3. HP: 22/22 MP: 3/3
  1142 | D:2      | Reached XP level 4. HP: 19/27 MP: 4/4
  1151 | D:2      | Reached skill level 5 in Short Blades
  1451 | D:2      | Noticed Terence
  1471 | D:2      | Killed Terence
  1546 | D:2      | Reached XP level 5. HP: 28/31 MP: 5/5
  1584 | D:2      | Reached skill level 6 in Short Blades
  1849 | D:2      | Found a shimmering altar of Xom.
  1863 | D:2      | Noticed Sigmund
  2514 | D:2      | HP: 1/31 [something/magic dart (5)]
  2885 | D:3      | Found an iron altar of Okawaru.
  3623 | D:3      | Killed from afar by an orc priest

Skill      XL: |  1  2  3  4  5 |
---------------+----------------+-----
Short Blades   | 4 5 6 |  6.8
Fighting       | |  2.3
Throwing       | |  2.2
Dodging        | |  1.2
Stealth        | |  5.6

Action                   |  1- 3 |  4- 6 || total
-------------------------+-------+-------++-------
Melee: Dagger            |    56 |   151 ||   207
 Fire: Blowgun           |       |     9 ||     9
  Use: Scroll            |     3 |       ||     3
 Stab: Sleeping          |     7 |     4 ||    11
  Eat: Chunk             |     1 |     3 ||     4
       Meat ration       |       |     1 ||     1
Armor: Robe              |    13 |    38 ||    51
Dodge: Dodged            |    40 |   139 ||   179
